 Dungeon Crawl Stone Soup version 0.20.1-1-g8b1a95d (webtiles) character file.

132 Liatris the Chopper (level 4, -3/34 HPs)
             Began as a Demonspawn Gladiator on Aug 13, 2017.
             Succumbed to kobold's curare-tipped needle
             ... on level 3 of the Dungeon.
             The game lasted 00:11:10 (2214 turns).

Liatris the Chopper (Demonspawn Gladiator)          Turns: 2214, Time: 00:11:11

Health: -3/34      AC: 18    Str: 15    XL:     4   Next: 92%
Magic:  4/4        EV:  0    Int:  9    God:
Gold:   68         SH:  0    Dex: 15    Spells: 3/3 levels left

rFire    . . .     SeeInvis .   a - +0 war axe
rCold    . . .     Gourm    .   (no shield)
rNeg     . . .     Faith    .   n - +0 crystal plate armour
rPois    .         Spirit   .   c - +0 helmet
rElec    .         Reflect  .   (no cloak)
rCorr    .         Harm     .   e - +0 pair of gloves
MR       .....                  (no boots)
Stlth    ..........             (no amulet)
Regen    0.2/turn               m - ring of stealth
MPRegen  0.1/turn               (no ring)

@: lethally poisoned (-3 -> -33), slowed, very slow
A: slimy green scales 1, spiny 1
a: no special abilities


You were on level 3 of the Dungeon.
You were not hungry.

You visited 1 branch of the dungeon, and saw 3 of its levels.

You collected 68 gold pieces.

Inventory:

Hand Weapons
 a - a +0 war axe (weapon)
 g - a +0 antimagic short sword
 i - a +1 dagger of speed
Missiles
 d - 3 throwing nets (quivered)
Armour
 b - a +0 leather armour
 c - a +0 helmet (worn)
 e - a +0 pair of gloves (worn)
 n - a +0 crystal plate armour (worn)
Jewellery
 m - a ring of stealth (left hand)
Scrolls
 h - 3 scrolls of teleportation
Comestibles
 f - 3 bread rations
 j - a meat ration
 p - 4 fruits


   Skills:
 - Level 2.5 Fighting
 + Level 4.2 Axes
 + Level 1.7 Throwing
 - Level 0.6 Armour
 * Level 3.3 Dodging
 * Level 0.5 Unarmed Combat


You had 3 spell levels left.
You didn't know any spells.

Dungeon Overview and Level Annotations

Branches:
Dungeon (3/15)

Altars:
Trog

Annotations:
D:3 TheGuigne's ghost, amateur DsFi


Innate Abilities, Weirdness & Mutations

You are partially covered in slimy green scales. (AC +2)
You are partially covered in sharp spines.


Message History

You feel very sick.
The kobold unwields an uncursed blowgun.
The kobold wields an uncursed short sword.
The kobold is struck by your spines.
The kobold hits you but does no damage. x2
You're too confused to move!
* * * LOW HITPOINT WARNING * * *
You feel very sick. The kobold is struck by your spines.
You kill the kobold!
You bump into the rock wall.
You feel less invigorated.
You feel less confused.
* * * LOW HITPOINT WARNING * * *
You feel very sick.
* * * LOW HITPOINT WARNING * * *
You feel very sick.
Things that are here:
an uncursed short sword; an uncursed blowgun; a kobold corpse
* * * LOW HITPOINT WARNING * * *
You feel very sick.
You die...

# # #. #.#.#####
#........
........##########.#
........)(((........
.............#####.
.......@####.####
####............#
#?...........# .
#............# #.. .
..............##.#..##
###............##.#....
#............##.#.###
#............##.#.##.
.......?...##.#.##.


There were no monsters in sight!

Vanquished Creatures
  4 gnolls (D:3)
  An adder (D:2)
  2 oozes
  4 worms
  3 leopard geckos
  12 bats
  4 giant cockroaches (D:1)
  5 hobgoblins
  3 jackals (D:2)
  14 kobolds
  A quokka (D:2)
  A ball python (D:2)
  2 frilled lizards
  3 rats (D:1)
59 creatures vanquished.

Notes
Turn   | Place    | Note
-------+----------+-------------------------------------------
     0 | D:1      | Liatris the Demonspawn Gladiator began the quest for the Orb.
     0 | D:1      | Reached XP level 1. HP: 16/16 MP: 1/1
   267 | D:1      | Reached skill level 3 in Axes
   327 | D:1      | Gained mutation: You are partially covered in slimy green scales. (AC +2) [demonic ancestry]
   327 | D:1      | Reached XP level 2. HP: 20/22 MP: 2/2
   861 | D:1      | Reached XP level 3. HP: 27/27 MP: 3/3
  1726 | D:2      | Gained mutation: You are partially covered in sharp spines. [demonic ancestry]
  1726 | D:2      | Reached XP level 4. HP: 34/34 MP: 4/4
  1778 | D:2      | Found a bloodstained altar of Trog.
  2080 | D:3      | Reached skill level 4 in Axes
  2192 | D:3      | Noticed TheGuigne's ghost (amateur DsFi)
  2213 | D:3      | HP: 1/34 [poisoned by kobold (curare-tipped needle)]
  2214 | D:3      | Succumbed to kobold's curare-tipped needle

Skill      XL: |  1  2  3  4 |
---------------+-------------+-----
Axes           | 3 4 |  4.2
Dodging        | 3 |  3.3
Fighting       | |  2.5
Throwing       | |  1.7
Armour         | |  0.6
Unarmed Combat | |  0.5

Action                   |  1- 3 |  4- 6 || total
-------------------------+-------+-------++-------
Melee: War axe           |   126 |    40 ||   166
  Use: Scroll            |     3 |     2 ||     5
       Potion            |     1 |     1 ||     2
  Eat: Fruit             |     3 |       ||     3
       Meat ration       |       |     1 ||     1
Armor: Leather armour    |    57 |       ||    57
       Crystal plate arm |     7 |    37 ||    44
Dodge: Dodged            |   106 |       ||   106
